AoeStats
← Herby

Arena

506295068Analyzed
4v4 RM · 20d ago on Sep 13, 2026· 36m 6s· 8 players
Game mode
Random Map
Map size
Large (8 player)
Population
200
Speed
Normal
Resources
Standard
Victory
Conquest
Starting age
Dark Age
Ending age
Imperial Age
RankedLock teamsTeams togetherTeam positionsShared explorationLock speedFull tech treeHidden civsTurbo modeCheats
Victory
Defeat
🇹🇼 Poles · Taiwan
1598
+9
🇹🇼 Persians · Taiwan
1499
+13
🇹🇼 Hindustanis · Taiwan
1355
+19
🇹🇼 Mongols · Taiwan
1299
+21
🇲🇽 Romans · Mexico
1440
-16
🇷🇺 Inca · Russia
1428
-16
🇲🇽 Mapuche · Mexico
1416
-15
🇦🇷 Persians · Argentina
1411
-15
Herby
7:45 Loom
10:31 Feudal Age
14:04 Castle Age
13:01 Double-Bit Axe
13:24 Gold Mining
14:59 Bow Saw
24:04 Ballistics
27:26 Wheelbarrow
29:58 Hand Cart
31:22 Redemption
GT_22
11:03 Feudal Age
14:56 Castle Age
13:58 Double-Bit Axe
13:54 Horse Collar
16:56 Bow Saw
25:17 Heavy Plow
25:08 Gold Mining
25:14 Loom
25:32 Loom
27:00 Stone Mining
27:46 Gold Shaft Mining
30:21 Imperial Age
29:19 Scale Barding Armor
29:25 Forging
31:25 Chain Barding Armor
31:41 Iron Casting
31:42 Conscription
31:48 Bloodlines
31:38 Husbandry
31:53 Fletching
32:41 Masonry
35:58 Kamandaran
37:10 Chemistry
36:31 Ballistics
36:08 Bodkin Arrow
36:13 Padded Archer Armor
[Pb] Komodo 3000
10:05 Feudal Age
13:35 Castle Age
13:12 Double-Bit Axe
13:23 Gold Mining
23:53 Town Watch
24:37 Horse Collar
25:08 Bow Saw
YuriiVegas
7:58 Loom
10:09 Feudal Age
10:41 Double-Bit Axe
10:55 Horse Collar
16:32 Castle Age
15:56 Gold Mining
17:37 Bow Saw
18:32 Heavy Plow
20:46 Wheelbarrow
20:03 Town Watch
23:58 Hand Cart
24:47 Gold Shaft Mining
24:04 Stone Mining
27:51 Scale Mail Armor
30:28 Imperial Age
28:39 Stone Shaft Mining
29:23 Chain Mail Armor
Junyou
11:08 Feudal Age
12:11 Double-Bit Axe
14:42 Castle Age
12:26 Horse Collar
15:40 Bow Saw
20:42 Loom
24:23 Wheelbarrow
24:10 Gold Mining
24:27 Heavy Plow
25:42 Hand Cart
28:41 Imperial Age
27:22 Scale Barding Armor
27:40 Forging
28:33 Chain Barding Armor
28:55 Bloodlines
28:46 Husbandry
29:27 Loom
29:28 Town Watch
31:22 Plate Barding Armor
31:21 Fletching
32:30 Conscription
31:34 Light Cavalry
33:08 Iron Casting
32:43 Elite War Elephant
33:51 Bodkin Arrow
33:20 Hussar
36:34 Town Patrol
GARCIA1979
11:05 Feudal Age
11:02 Loom
15:05 Castle Age
12:55 Horse Collar
13:01 Double-Bit Axe
16:01 Bow Saw
16:50 Wheelbarrow
20:59 Bloodlines
21:21 Husbandry
23:10 Scale Barding Armor
23:31 Forging
24:39 Chain Barding Armor
24:35 Gold Mining
白毛
11:02 Feudal Age
14:39 Castle Age
13:03 Horse Collar
13:47 Double-Bit Axe
15:55 Heavy Plow
19:18 Bow Saw
21:40 Wheelbarrow
21:29 Stone Mining
21:30 Gold Mining
21:34 Town Watch
21:35 Loom
25:02 Stone Shaft Mining
25:29 Hand Cart
29:05 Imperial Age
26:59 Scale Mail Armor
27:10 Forging
28:33 Squires
28:18 Arson
28:36 Pikeman
29:33 Chain Mail Armor
29:54 Iron Casting
29:41 Elite Obuch
30:42 Conscription
31:14 Block Printing
31:20 Sanctity
31:44 Theocracy
31:52 Plate Mail Armor
35:31 Chemistry
34:51 Ballistics
34:23 Fletching
35:34 Blast Furnace
小小財
11:20 Feudal Age
16:12 Castle Age
15:03 Fletching
15:05 Double-Bit Axe
15:37 Horse Collar
Connection lost

Rejoining the realm…

Still unreachable

The connection could not be restored.

Session expired

The server has moved on; the page needs a fresh start.